 Dungeon Crawl Stone Soup version 0.25-a0-478-g33c61bdccf (webtiles) character file.

Game seed: 11744730765742507901, levelgen mode: deterministic

128 Error4North the Shield-Bearer (level 5, -14/46 HPs)
             Began as a Hill Orc Fighter on Feb 8, 2020.
             Engulfed by Ijyb's freezing vapour (18 damage)
             ... on level 3 of the Dungeon.
             The game lasted 00:08:27 (2074 turns).

Error4North the Shield-Bearer (Hill Orc Fighter)    Turns: 2074, Time: 00:08:28

Health: -14/46     AC:  9    Str: 20    XL:     5   Next: 11%
Magic:  5/5        EV:  5    Int:  8    God:
Gold:   117        SH:  9    Dex: 10    Spells: 4/4 levels left

rFire    . . .     SeeInvis .   a - +0 war axe
rCold    . . .     Gourm    .   c - +0 shield
rNeg     . . .     Faith    .   m - +0 chain mail
rPois    .         Spirit   .   (no helmet)
rElec    .         Reflect  .   (no cloak)
rCorr    .         Harm     .   (no gloves)
MR       .....                  (no boots)
Stlth    ..........             (no amulet)
HPRegen  0.15/turn              (no ring)
MPRegen  0.09/turn              (no ring)

@: no status effects
A: no striking features
a: no special abilities


You were on level 3 of the Dungeon.
You were not hungry.

You visited 1 branch of the dungeon, and saw 3 of its levels.

You collected 117 gold pieces.

Inventory:

Hand Weapons
 a - a +0 war axe (weapon)
 e - a +1 hunting sling of freezing
Missiles
 i - 10 sling bullets (quivered)
Armour
 c - a +0 shield (worn)
 m - a +0 chain mail (worn)
Jewellery
 h - an uncursed ring of positive energy {unknown}
 p - a +6 ring of protection {unknown}
Scrolls
 j - 2 scrolls of remove curse {unknown}
 k - 2 scrolls of enchant armour {unknown}
 l - 3 scrolls of teleportation {unknown}
 n - a scroll of blinking {unknown}
 o - 4 scrolls of identify {unknown}
Potions
 b - 4 potions of heal wounds {unknown}
 d - a potion of might
 g - 3 potions of agility {unknown}
 q - a potion of curing {unknown}
 r - a potion of haste {unknown}
Comestibles
 f - 6 rations
 s - 4 chunks of flesh


   Skills:
 + Level 4.2 Fighting
 + Level 4.0 Axes
 + Level 0.6 Slings
 * Level 3.9 Armour
 + Level 0.6 Dodging
 + Level 0.1 Stealth
 * Level 4.3 Shields


You had 4 spell levels left.
You didn't know any spells.
Your spell library was empty.

Dungeon Overview and Level Annotations

Branches:
Dungeon (3/15)

Altars:

Annotations:
D:3 Ijyb


Message History

Ijyb is wielding a +5 club and carrying a wand of clouds (5).
Ijyb shouts!
A giant cockroach comes into view.
A leopard gecko comes into view.
The leopard gecko hisses angrily.
The giant cockroach bites you. You block the giant cockroach's attack.
Ijyb zaps a wand.
Ijyb creates a blast of freezing vapour!
You hit Ijyb but do no damage. You closely miss the giant cockroach.
You are engulfed in freezing vapours.
The giant cockroach is engulfed in freezing vapours.
The giant cockroach dies!
Ijyb zaps a wand.
Ijyb creates a blast of freezing vapour!
Unknown command.
You closely miss Ijyb.
You are engulfed in freezing vapours.
Ouch! That really hurt!
* * * LOW HITPOINT WARNING * * *
Ijyb hits you but does no damage.
You closely miss Ijyb.
You are engulfed in freezing vapours.
You die...

..#.#
#.##...####.####
..#.###.......# ...
..#.#.........# ###
###.#.........#
.#.....###.#####
#.....# #.#... #
#.....###§#.# ...
..........§§§###.....
##........§§§@g.....#
####.....§§###.....#
#........ .....
#.....l.#. .###
#.......#s #
#.......# # ##.......
#.####.


You could see Ijyb.

Vanquished Creatures
  3 adders
  3 dart slugs
  2 leopard geckos
  5 orcs (D:3)
  4 giant cockroaches
  11 goblins
  8 hobgoblins
  14 jackals
  2 quokkas (D:2)
  2 ball pythons
  5 bats
  6 frilled lizards
  6 kobolds
  15 rats
86 creatures vanquished.

Vanquished Creatures (others)
  A giant cockroach (D:3)
1 creature vanquished.

Grand Total: 87 creatures vanquished

Notes
Turn   | Place    | Note
-------+----------+-------------------------------------------
     0 | D:1      | Error4North the Hill Orc Fighter began the quest for the
                  | Orb.
     0 | D:1      | Reached XP level 1. HP: 19/19 MP: 1/1
   144 | D:1      | Reached XP level 2. HP: 21/27 MP: 2/2
   389 | D:1      | Reached XP level 3. HP: 33/33 MP: 3/3
   816 | D:2      | Reached XP level 4. HP: 23/40 MP: 4/4
  1813 | D:3      | Reached XP level 5. HP: 43/46 MP: 5/5
  2068 | D:3      | Noticed Ijyb
  2074 | D:3      | Engulfed by Ijyb's freezing vapour

Levels and vault maps discovered:
D:1:      lightli_arrival_lavapool, layout_basic, minmay_pentomino_p4
D:2:      layout_loops_ring
D:3:      layout_basic, first_ration, amethyst_killhole, nrook_mini_vaults,
          uniq_ijyb

Skill      XL: |  1  2  3  4 |
---------------+-------------+-----
Fighting       | 4 |  4.2
Axes           | 3 4 |  4.0
Shields        | 4 |  4.3
Slings         | |  0.6
Armour         | |  3.9
Dodging        | |  0.6
Stealth        | |  0.1

Action                   |  1- 3 |  4- 6 || total
-------------------------+-------+-------++-------
Melee: War axe           |   108 |    88 ||   196
 Fire: Hunting sling     |    11 |    39 ||    50
  Eat: Chunk             |       |     4 ||     4
Armor: Scale mail        |    47 |       ||    47
       Chain mail        |    41 |    76 ||   117
Dodge: Dodged            |    51 |    27 ||    78
Block: Shield            |    73 |    61 ||   134

Table legend:
 A = Non-vault XP
 B = Vault XP
 C = Vault XP percentage of total XP
 D = Non-vault monster count
 E = Vault monster count
 F = Vault count percentage of total count
                 A         B        C        D         E       F
            +---------+---------+-------+---------+---------+-------
      Total |     178 |       5 |   2.7 |      83 |       3 |   3.5
            +---------+---------+-------+---------+---------+-------
        D:1 |      47 |       5 |   9.6 |      29 |       3 |   9.4
        D:2 |      77 |       0 |   0.0 |      34 |       0 |   0.0
        D:3 |      54 |       0 |   0.0 |      20 |       0 |   0.0
            +---------+---------+-------+---------+---------+-------
